 Dungeon Crawl Stone Soup version 0.23.2-1-ga50397a6bc (webtiles) character file.

Game seed: 7023577102765184264

960 Gargoyl the Chopper (level 7, 0/60 HPs)
             Began as a Centaur Abyssal Knight on May 23, 2019.
             Was a Priest of Lugonu.
             Slain by an ice beast (12 damage)
             ... on level 6 of the Dungeon.
             The game lasted 00:10:31 (6756 turns).

Gargoyl the Chopper (Centaur Abyssal Knight)        Turns: 6756, Time: 00:10:31

Health: 0/60       AC: 11    Str: 14 (15) XL:     7   Next: 92%
Magic:  10/10      EV:  4    Int: 11      God:    Lugonu [***...]
Gold:   370        SH:  0    Dex:  7 (10) Spells: 6/6 levels left

rFire    + . .     SeeInvis .   a - +1 hand axe
rCold    . . .     Gourm    .   (no shield)
rNeg     . . .     Faith    .   l - +0 chain mail
rPois    .         Spirit   .   d - +2 helmet
rElec    .         Reflect  .   (no cloak)
rCorr    .         Harm     .   (no gloves)
MR       .....                  (no barding)
Stlth    ..........             (no amulet)
HPRegen  0.20/turn              b - ring of flight
MPRegen  0.12/turn              p - ring of protection from fire

@: very quick
A: large, hooves 3, deformed body, speed 2, tough skin 3
a: Depart the Abyss, Bend Space, Banish, Renounce Religion, Evoke Flight


You were on level 6 of the Dungeon.
You worshipped Lugonu.
Lugonu was most pleased with you.
You were very hungry.

You visited 1 branch of the dungeon, and saw 6 of its levels.
You visited the Abyss 1 time.

You collected 370 gold pieces.

Inventory:

Hand Weapons
 a - a +1 hand axe (weapon)
Armour
 d - a +2 helmet (worn)
 l - a +0 chain mail (worn)
Jewellery
 b - a ring of flight (left hand)
 p - a ring of protection from fire (right hand)
Scrolls
 e - a scroll of magic mapping
 f - 9 scrolls of remove curse
 h - a scroll of identify
 m - 2 scrolls of teleportation
 n - a scroll of blinking {unknown}
 r - a scroll of immolation {unknown}
Potions
 g - 2 potions of brilliance
 i - a potion of degeneration
 j - a potion of flight
 k - a potion of agility
Comestibles
 c - 6 rations


   Skills:
 + Level 4.3 Fighting
 + Level 4.4 Axes
 * Level 4.1 Armour
 * Level 2.4 Dodging
 * Level 4.2 Invocations


You had 6 spell levels left.
You didn't know any spells.
Your spell library contained the following spells:

 Spells                   Type           Power        Failure   Level  Hunger
 Beastly Appendage        Tmut           #.....       100%        1    ##.....
 Magic Dart               Conj           #...         100%        1    ##.....
 Blink                    Tloc           N/A          100%        2    ###....
 Call Imp                 Summ           #.......     100%        2    ###....
 Slow                     Hex            #.......     100%        2    ###....
 Sticks to Snakes         Tmut           #.......     100%        2    ###....
 Conjure Flame            Conj/Fire      #.......     100%        3    ####...
 Mephitic Cloud           Conj/Pois/Air  #.......     100%        3    ####...
 Spider Form              Tmut/Pois      #.........   100%        3    ####...
 Ice Form                 Ice/Tmut       #.......     100%        4    #####..
 Blade Hands              Tmut           #.........   100%        5    ######.


Dungeon Overview and Level Annotations

Branches:
Dungeon (6/15)             Temple (0/1) D:4

Altars:
Dithmenos
Ru
Xom
Zin

Shops:
D:5 (*}

Annotations:
D:5 Eustachio


Innate Abilities, Weirdness & Mutations

You have hooves in place of feet.
Armour fits poorly on your strangely shaped body.
You cover ground very quickly.
You have extremely tough skin. (AC +3)


Message History

* * * LOW HITPOINT WARNING * * *
You hit the centaur.
The centaur is severely wounded.
The centaur hits you.
* * * LOW HITPOINT WARNING * * *
The centaur hits you.
* * * LOW HITPOINT WARNING * * *
Your chain mail prevents you from hitting the centaur.
The centaur is severely wounded.
The centaur hits you!
* * * LOW HITPOINT WARNING * * *
Unknown command.
You feel better.
The centaur hits you but does no damage. x2
You hit the centaur. Your kick misses the centaur.
The centaur is almost dead.
You hit the ice beast. The ice beast hits you.
* * * LOW HITPOINT WARNING * * *
The ice beast freezes you!
You die...

##############
#............#######
#...................
#<(.((@Y...)#
#.####.c.##.# #<.
....# ...###.....
...?. ....##..
...#.###.#.# # ##(.
.# #.#.# ... ..
....#


You could see an ice beast and a centaur.

Vanquished Creatures
  A phantom (D:4)
  A centaur (D:5)
  A bullfrog (D:3)
  2 crimson imps
  A centaur skeleton (D:4)
  An orc priest (D:3)
  3 orc wizards (D:3)
  A bullfrog skeleton (D:5)
  Ijyb (D:5)
  A worker ant (D:4)
  A worker ant zombie (D:5)
  9 adders
  2 shadow imps
  8 worms
  2 dart slugs
  5 leopard geckos
  18 orcs
  3 ball pythons
  8 bats
  6 giant cockroaches
  5 goblins
  9 hobgoblins
  5 jackals
  4 kobolds
  2 quokkas
  7 frilled lizards
  7 rats
114 creatures vanquished.

Vanquished Creatures (others)
  The ghost of Sondor the Slasher, a novice DsCK of Xom (D:4)
  A howler monkey (D:4)
2 creatures vanquished.

Grand Total: 116 creatures vanquished

Notes
Turn   | Place    | Note
-------+----------+-------------------------------------------
     0 | Abyss:1  | Gargoyl the Centaur Abyssal Knight began the quest for the
                  | Orb.
     0 | Abyss:1  | Reached XP level 1. HP: 19/19 MP: 2/2
    84 | Abyss:1  | Noticed a chaos spawn
   110 | Abyss:2  | Found a corrupted altar of Lugonu.
   190 | Abyss:2  | Noticed a white very ugly thing
   210 | Abyss:2  | Noticed an eidolon
   212 | D:1      | Escaped the Abyss
   299 | D:1      | Reached XP level 2. HP: 16/26 MP: 3/3
   521 | D:1      | Reached * piety under Lugonu
   932 | D:1      | Reached skill level 1 in Dodging
  1280 | D:2      | Reached XP level 3. HP: 21/31 MP: 4/4
  2124 | D:2      | Reached XP level 4. HP: 24/38 MP: 4/6
  2594 | D:3      | Reached ** piety under Lugonu
  2633 | D:3      | Noticed a bullfrog
  2640 | D:3      | Killed a bullfrog
  2640 | D:3      | Reached XP level 5. HP: 38/46 MP: 7/7
  2820 | D:3      | HP: 2/46 [orc/+0 whip (5)]
  2828 | D:3      | Reached XP level 6. HP: 9/52 MP: 8/8
  3712 | D:3      | Found a sacrificial altar of Ru.
  3859 | D:4      | Found a staircase to the Ecumenical Temple.
  4039 | D:4      | Found a shadowy altar of Dithmenos.
  4114 | D:4      | Reached *** piety under Lugonu
  4423 | D:4      | Found a runed translucent door.
  4428 | D:4      | Noticed Sondor's ghost (novice DsCK)
  4509 | D:4      | Noticed an angel
  4510 | D:4      | Found a shimmering altar of Xom.
  4511 | D:4      | Found a glowing silver altar of Zin.
  4881 | D:4      | Reached XP level 7. HP: 47/59 MP: 9/9
  4946 | D:5      | Entered Level 5 of the Dungeon
  5028 | D:4      | Banished Sondor's ghost
  5414 | D:5      | Noticed Ijyb
  5789 | D:5      | Killed Ijyb
  5935 | D:5      | Found Aqyrew's Antique Weapon Shop.
  5983 | D:5      | Found Recricuxt's General Store.
  6234 | D:5      | Noticed Eustachio
  6627 | D:5      | Found Xisatocu's Gadget Emporium.
  6754 | D:6      | HP: 3/60 [centaur (7)]
  6756 | D:6      | Slain by an ice beast

Skill      XL: |  1  2  3  4  5  6  7 |
---------------+----------------------+-----
Dodging        | 1 2 |  2.4
Axes           | 2 3 4 |  4.4
Armour         | 2 3 4 |  4.1
Invocations    | 3 4 |  4.2
Fighting       | 4 |  4.3

Action                   |  1- 3 |  4- 6 |  7- 9 || total
-------------------------+-------+-------+-------++-------
Melee: Hand axe          |   103 |   235 |   254 ||   592
       Kick              |    17 |    54 |    33 ||   104
Invok: Depart the Abyss  |     1 |       |       ||     1
       Bend Space        |       |     1 |       ||     1
       Banish            |       |       |     2 ||     2
  Use: Scroll            |     4 |     6 |       ||    10
       Potion            |       |     2 |     8 ||    10
 Stab: Invisible         |       |       |     5 ||     5
  Eat: Chunk             |     2 |     8 |     2 ||    12
       Ration            |       |       |     1 ||     1
Armor: Leather armour    |    22 |       |       ||    22
       Chain mail        |    57 |   184 |   296 ||   537
Dodge: Dodged            |    30 |    70 |    97 ||   197
